[Event "Summer Prague Open A 2020"]
[Site "Prague"]
[Date "2020.08.11"]
[Round "5.7"]
[White "Toman, Ondrej"]
[Black "Roseneck, Jonas"]
[Result "0-1"]
[ECO "A45"]
[WhiteElo "2217"]
[BlackElo "2416"]
[Annotator "ChessBase"]
[PlyCount "101"]
[EventDate "2020.08.08"]
[EventCountry "CZE"]
[SourceTitle "playchess.com"]
[Source "ChessBase"]
[SourceQuality "1"]
[TimeControl "40/5400+30:1800+30"]

1. d4 Nf6 2. Bf4 d5 3. e3 e6 4. Nf3 Bd6 5. Nbd2 O-O 6. Bg3 c5 7. c3 Qc7 8. dxc5 Qxc5 9. Bd3 Nbd7 10. e4 Bxg3 11. hxg3 dxe4 12. Bxe4 h6 13. Qe2 Qa5 14. Nc4 Qc7 15. O-O-O Nxe4 16. Qxe4 Nf6 17. Qf4 Qxf4+ 18. gxf4 b6 19. Nd6 Ba6 20. Rd4 Rad8 21. Ne5 Nd5 22. Ndc4 Ne7 23. Rhd1 Rxd4 24. Rxd4 f6 25. Nf3 Nf5 26. Re4 Bb7 27. Re1 Bxf3 28. gxf3 Kf7 29. a4 Rc8 30. Nd2 Rd8 31. Kc2 Rd5 32. b4 h5 33. Nc4 Nh4 34. a5 b5 35. Na3 Ng2 36. Rh1 Nxf4 37. c4 bxc4 38. b5 Ke7 39. b6 axb6 40. axb6 Kd7 41. Rb1 Kc8 42. b7+ Kb8 43. Nxc4 Rc5 44. Kc3 Rc7 45. Kd4 e5+ 46. Nxe5 fxe5+ 47. Kxe5 Rf7 48. Ke4 h4 49. Ke3 h3 50. Rb4 Nd5+ 51. Kd4 0-1

[Event "Summer Prague Open A 2020"]
[Site "Prague"]
[Date "2020.08.11"]
[Round "5.8"]
[White "Miedema, David"]
[Black "Pribyl, Viktor"]
[Result "1-0"]
[ECO "A50"]
[WhiteElo "2382"]
[BlackElo "2221"]
[Annotator "ChessBase"]
[PlyCount "74"]
[EventDate "2020.08.08"]
[EventCountry "CZE"]
[SourceTitle "playchess.com"]
[Source "ChessBase"]
[SourceQuality "1"]
[TimeControl "40/5400+30:1800+30"]

1. d4 Nf6 2. c4 g6 3. f3 c5 4. d5 d6 5. e4 Bg7 6. Nc3 O-O 7. Bg5 h6 8. Be3 e6 9. Qd2 h5 10. dxe6 Bxe6 11. Nb5 a6 12. Nxd6 Qb6 13. e5 Nfd7 14. f4 Rd8 15. Rd1 Nxe5 16. fxe5 Bxe5 17. Bxc5 Qxc5 18. Nxb7 Rxd2 19. Nxc5 Rxb2 20. Rd8+ Kg7 21. Nxe6+ fxe6 22. Nf3 Bc3+ 23. Kd1 Ra7 24. Rd3 Bf6 25. Rb3 Rb7 26. Rxb7+ Rxb7 27. Bd3 Rb2 28. Re1 Rxa2 29. Rxe6 Ra1+ 30. Kd2 Ra2+ 31. Kd1 Kf7 32. Rd6 Rxg2 33. c5 Be7 34. Ne5+ Kg7 35. Rb6 Bxc5 36. Rxb8 g5 37. Rb7+ Kg8 1-0

[Event "Summer Prague Open A 2020"]
[Site "Prague"]
[Date "2020.08.11"]
[Round "5.9"]
[White "Simek, Petr"]
[Black "Schernthaner, David"]
[Result "1/2-1/2"]
[ECO "A36"]
[WhiteElo "2344"]
[BlackElo "2220"]
[Annotator "ChessBase"]
[PlyCount "77"]
[EventDate "2020.08.08"]
[EventCountry "CZE"]
[SourceTitle "playchess.com"]
[Source "ChessBase"]
[SourceQuality "1"]
[TimeControl "40/5400+30:1800+30"]

1. c4 g6 2. Nc3 c5 3. g3 Bg7 4. Bg2 Nc6 5. a3 d6 6. Rb1 h5 7. h3 Rb8 8. d3 Bf5 9. Bd2 Nf6 10. Nf3 Qc8 11. b4 O-O 12. Ng5 Nd4 13. O-O Nh7 14. Kh2 Re8 15. Nge4 b6 16. b5 Be5 17. e3 Ne6 18. f4 Bg7 19. g4 Bxe4 20. Nxe4 hxg4 21. hxg4 Nc7 22. Qf3 d5 23. cxd5 Nxd5 24. Rfc1 Rd8 25. g5 Nc7 26. Bh3 Qb7 27. Qe2 Qd5 28. Nf2 Qa2 29. d4 cxd4 30. Ra1 d3 31. Rxa2 dxe2 32. a4 Nd5 33. Bg4 Nc3 34. Bxc3 Bxc3 35. Rxe2 Bb4 36. Rc7 Nxg5 37. Rxa7 Nh7 38. Bf3 Nf6 39. Kg2 1/2-1/2

[Event "Summer Prague Open A 2020"]
[Site "Prague"]
[Date "2020.08.11"]
[Round "5.10"]
[White "Buchenau, Frank"]
[Black "Houska, Jiri"]
[Result "1-0"]
[ECO "C07"]
[WhiteElo "2278"]
[BlackElo "2202"]
[Annotator "ChessBase"]
[PlyCount "63"]
[EventDate "2020.08.08"]
[EventCountry "CZE"]
[SourceTitle "playchess.com"]
[Source "ChessBase"]
[SourceQuality "1"]
[TimeControl "40/5400+30:1800+30"]

1. e4 e6 2. d4 d5 3. Nd2 c5 4. Ngf3 Nf6 5. exd5 Nxd5 6. Nb3 cxd4 7. Nbxd4 Be7 8. Bc4 O-O 9. O-O Nc6 10. Nxc6 bxc6 11. Qe2 Qb6 12. a3 Bf6 13. Ne5 Rd8 14. Bd3 Bb7 15. Re1 c5 16. Ng4 Be7 17. c4 Nf6 18. Ne5 Bd6 19. Bf4 Qc7 20. Rad1 Rac8 21. Bg3 g6 22. Bf4 Nd7 23. Nxf7 Bxf4 24. Nxd8 Rxd8 25. Qxe6+ Kg7 26. Qe7+ Kg8 27. Bxg6 hxg6 28. Re6 Nf8 29. Rxg6+ Nxg6 30. Rxd8+ Qxd8 31. Qxd8+ Nf8 32. Qe7 1-0

[Event "Summer Prague Open A 2020"]
[Site "Prague"]
[Date "2020.08.11"]
[Round "5.11"]
[White "Vorisek, Jakub"]
[Black "Malassagne, Raphael"]
[Result "1/2-1/2"]
[ECO "B14"]
[WhiteElo "2205"]
[BlackElo "2305"]
[Annotator "ChessBase"]
[PlyCount "77"]
[EventDate "2020.08.08"]
[EventCountry "CZE"]
[SourceTitle "playchess.com"]
[Source "ChessBase"]
[SourceQuality "1"]
[TimeControl "40/5400+30:1800+30"]

1. e4 c6 2. d4 d5 3. exd5 cxd5 4. c4 Nf6 5. Nc3 e6 6. Nf3 Nc6 7. Bd3 dxc4 8. Bxc4 Be7 9. O-O O-O 10. a3 b6 11. Bg5 Bb7 12. Rc1 Rc8 13. Ba2 Qd6 14. d5 exd5 15. Nxd5 Nxd5 16. Qxd5 Qxd5 17. Bxd5 Bxg5 18. Nxg5 Na5 19. Bxb7 Nxb7 20. h3 Na5 21. Rfd1 h6 22. Ne4 Nb3 23. Rxc8 Rxc8 24. Rd7 Rc1+ 25. Kh2 Rc2 26. Rxa7 Rxb2 27. f3 Nd4 28. Kg3 f5 29. Nd6 Ne2+ 30. Kh2 Nd4 31. Kg3 g5 32. h4 Rd2 33. Nf7 gxh4+ 34. Kxh4 Rxg2 35. Nxh6+ Kf8 36. f4 Ke8 37. Ra4 Rh2+ 38. Kg3 Rxh6 39. Rxd4 1/2-1/2

[Event "Summer Prague Open A 2020"]
[Site "Prague"]
[Date "2020.08.11"]
[Round "5.12"]
[White "Pozdnjakov, Viatcheslav"]
[Black "Richter, Philipp"]
[Result "1-0"]
[ECO "D05"]
[WhiteElo "2300"]
[BlackElo "2127"]
[Annotator "ChessBase"]
[PlyCount "45"]
[EventDate "2020.08.08"]
[EventCountry "CZE"]
[SourceTitle "playchess.com"]
[Source "ChessBase"]
[SourceQuality "1"]
[TimeControl "40/5400+30:1800+30"]

1. d4 Nf6 2. Nf3 e6 3. e3 c5 4. Bd3 d5 5. b3 Nc6 6. Bb2 Be7 7. Nbd2 cxd4 8. exd4 O-O 9. a3 b6 10. O-O Bb7 11. Qe2 Re8 12. b4 Rc8 13. Ne5 Nxe5 14. dxe5 Nd7 15. f4 f5 16. Bd4 Nb8 17. g4 g6 18. gxf5 Nc6 19. fxg6 Nxd4 20. Qh5 hxg6 21. Qxg6+ Kf8 22. Qh6+ Kg8 23. Bh7+ 1-0

[Event "Summer Prague Open A 2020"]
[Site "Prague"]
[Date "2020.08.11"]
[Round "5.13"]
[White "Csiki, Endre"]
[Black "Wedda, Dries"]
[Result "0-1"]
[ECO "B94"]
[WhiteElo "2266"]
[BlackElo "2172"]
[Annotator "ChessBase"]
[PlyCount "68"]
[EventDate "2020.08.08"]
[EventCountry "CZE"]
[SourceTitle "playchess.com"]
[Source "ChessBase"]
[SourceQuality "1"]
[TimeControl "40/5400+30:1800+30"]

1. e4 c5 2. Nf3 d6 3. d4 cxd4 4. Nxd4 Nf6 5. Nc3 a6 6. Bg5 Nbd7 7. Qe2 Qa5 8. Bd2 h5 9. f4 Qc7 10. O-O-O b5 11. g3 e5 12. Nf3 Be7 13. fxe5 Nxe5 14. Bg2 O-O 15. Bf4 Re8 16. Rhf1 b4 17. Bxe5 dxe5 18. Nd5 Nxd5 19. exd5 Bf5 20. Nh4 Bg4 21. Bf3 Bxh4 22. gxh4 Bxf3 23. Rxf3 e4 24. Rf5 Rad8 25. Kb1 g6 26. Rg5 e3 27. Rdg1 Re5 28. Rxh5 Rdxd5 29. Rxe5 Qxe5 30. b3 Rd2 31. Qe1 Qd4 32. Qc1 e2 33. Re1 Rd1 34. Rxe2 Qg1 0-1

[Event "Summer Prague Open A 2020"]
[Site "Prague"]
[Date "2020.08.11"]
[Round "5.14"]
[White "Post, Hugo"]
[Black "Cap, Adam"]
[Result "1-0"]
[ECO "C95"]
[WhiteElo "2203"]
[BlackElo "2278"]
[Annotator "ChessBase"]
[PlyCount "55"]
[EventDate "2020.08.08"]
[EventCountry "CZE"]
[SourceTitle "playchess.com"]
[Source "ChessBase"]
[SourceQuality "1"]
[TimeControl "40/5400+30:1800+30"]

1. e4 e5 2. Nf3 Nc6 3. Bb5 a6 4. Ba4 Nf6 5. O-O b5 6. Bb3 Be7 7. Re1 d6 8. c3 O-O 9. h3 Nb8 10. d4 Nbd7 11. c4 Bb7 12. Qc2 b4 13. Nbd2 a5 14. a4 Re8 15. c5 exd4 16. c6 d3 17. Qc4 d5 18. exd5 Ba6 19. cxd7 Bxc4 20. dxe8=Q+ Nxe8 21. Bxc4 Nf6 22. Ne5 Bd6 23. Ndf3 Nd7 24. Bg5 f6 25. Nc6 Qf8 26. Bd2 Nb6 27. Bxd3 Qf7 28. Bf5 1-0

[Event "Summer Prague Open A 2020"]
[Site "Prague"]
[Date "2020.08.11"]
[Round "5.15"]
[White "Mirimanian, Hayk"]
[Black "Babula, Milan"]
[Result "0-1"]
[ECO "C03"]
[WhiteElo "2268"]
[BlackElo "2160"]
[Annotator "ChessBase"]
[PlyCount "64"]
[EventDate "2020.08.08"]
[EventCountry "CZE"]
[SourceTitle "playchess.com"]
[Source "ChessBase"]
[SourceQuality "1"]
[TimeControl "40/5400+30:1800+30"]

1. e4 e6 2. d4 d5 3. Nd2 Be7 4. Bd3 Nc6 5. Ngf3 Nf6 6. c3 a6 7. O-O b5 8. Re1 Bb7 9. e5 Nd7 10. a4 b4 11. a5 Na7 12. c4 dxc4 13. Nxc4 Nb5 14. Be4 Bxe4 15. Rxe4 Nb8 16. Rg4 Nc6 17. Rxg7 Nbxd4 18. Nxd4 Qxd4 19. Qe2 Rd8 20. Be3 Qd3 21. Qxd3 Rxd3 22. Rc1 Bf8 23. Rg4 h5 24. Re4 Rd5 25. Kf1 Kd7 26. Rf4 Rh7 27. Nb6+ cxb6 28. axb6 Nxe5 29. Rc7+ Kd8 30. Rxb4 Bxb4 31. Bg5+ Ke8 32. b7 Rb5 0-1

[Event "Summer Prague Open A 2020"]
[Site "Prague"]
[Date "2020.08.11"]
[Round "5.16"]
[White "Haack, Kevin"]
[Black "Brejnik, Gustav"]
[Result "1-0"]
[ECO "B10"]
[WhiteElo "2180"]
[BlackElo "2265"]
[Annotator "ChessBase"]
[PlyCount "73"]
[EventDate "2020.08.08"]
[EventCountry "CZE"]
[SourceTitle "playchess.com"]
[Source "ChessBase"]
[SourceQuality "1"]
[TimeControl "40/5400+30:1800+30"]

1. c4 c6 2. e4 d5 3. exd5 cxd5 4. cxd5 Nf6 5. Qa4+ Nbd7 6. Nc3 g6 7. Nf3 Bg7 8. Qb3 O-O 9. Bc4 a6 10. a4 b6 11. O-O Bb7 12. d4 Qc7 13. Bg5 Rac8 14. Nd2 Ng4 15. g3 Bxd4 16. Bxe7 Nc5 17. Bxc5 Qxc5 18. Nce4 Qe7 19. Rfe1 Ne5 20. Rad1 Kg7 21. Nf3 Nxf3+ 22. Qxf3 Rxc4 23. Nd2 Qc5 24. Nxc4 Bxd5 25. Qf4 Bf6 26. Nxb6 Qxb6 27. Rxd5 Qxb2 28. Qc4 a5 29. Rd7 h5 30. Re8 Qb1+ 31. Kg2 h4 32. Rxf8 h3+ 33. Kxh3 Qf5+ 34. Qg4 Qxf2 35. Rdxf7+ Kh6 36. Rh8+ Bxh8 37. Qh4# 1-0

[Event "Summer Prague Open A 2020"]
[Site "Prague"]
[Date "2020.08.11"]
[Round "5.17"]
[White "Slampa, Jan"]
[Black "Schmit, Vincent"]
[Result "1-0"]
[ECO "C70"]
[WhiteElo "2264"]
[BlackElo "2157"]
[Annotator "ChessBase"]
[PlyCount "67"]
[EventDate "2020.08.08"]
[EventCountry "CZE"]
[SourceTitle "playchess.com"]
[Source "ChessBase"]
[SourceQuality "1"]
[TimeControl "40/5400+30:1800+30"]

1. e4 e5 2. Nf3 Nc6 3. Bb5 a6 4. Ba4 g6 5. O-O Bg7 6. c3 Nge7 7. d4 exd4 8. cxd4 d5 9. exd5 Nxd5 10. Bg5 Qd6 11. Nc3 O-O 12. Nxd5 Qxd5 13. Bb3 Qd6 14. d5 Ne5 15. Nd4 Ng4 16. g3 Qe5 17. Nf3 Qxb2 18. Rb1 Qa3 19. Re1 Nf6 20. Rc1 Qa5 21. Re7 c6 22. dxc6 bxc6 23. Qd6 Bg4 24. Bxf6 Bxf3 25. Rxf7 Rxf7 26. Bxf7+ Kh8 27. Qd4 h6 28. Bxg7+ Kh7 29. Bb3 Re8 30. Qc3 Qf5 31. Bd4 Rf8 32. Qc5 Qg5 33. Qa7+ Rf7 34. Qxf7# 1-0

[Event "Summer Prague Open A 2020"]
[Site "Prague"]
[Date "2020.08.11"]
[Round "5.18"]
[White "Marakovits, Nico"]
[Black "Dietz, Florian"]
[Result "1/2-1/2"]
[ECO "E97"]
[WhiteElo "2105"]
[BlackElo "2262"]
[Annotator "ChessBase"]
[PlyCount "84"]
[EventDate "2020.08.08"]
[EventCountry "CZE"]
[SourceTitle "playchess.com"]
[Source "ChessBase"]
[SourceQuality "1"]
[TimeControl "40/5400+30:1800+30"]

1. d4 Nf6 2. c4 g6 3. Nc3 Bg7 4. e4 d6 5. Nf3 O-O 6. Be2 e5 7. O-O Nc6 8. dxe5 dxe5 9. Bg5 Qxd1 10. Rfxd1 Bg4 11. Bxf6 Bxf6 12. Nd5 Bd8 13. h3 Bxf3 14. Bxf3 Nd4 15. Ne3 h5 16. Rd3 c6 17. Kf1 Be7 18. Be2 Bc5 19. Rb1 a5 20. b3 Kg7 21. Bd1 Rfd8 22. Nc2 Ne6 23. Be2 Bd4 24. Rdd1 Kf6 25. Bf3 Nf4 26. h4 Bc5 27. Be2 Ke7 28. g3 Ne6 29. Rxd8 Rxd8 30. Rd1 Bd4 31. f3 Bc3 32. Rxd8 Kxd8 33. a3 Kc7 34. b4 Nd4 35. Nxd4 Bxd4 36. bxa5 Bc3 37. c5 Kd7 38. a6 bxa6 39. Bxa6 Bd4 40. Bc4 Ke7 41. a4 Bxc5 42. g4 Bb6 1/2-1/2

[Event "Summer Prague Open A 2020"]
[Site "Prague"]
[Date "2020.08.11"]
[Round "5.19"]
[White "Michalczak, Thomas"]
[Black "Kozak, Milos"]
[Result "1-0"]
[ECO "C65"]
[WhiteElo "2245"]
[BlackElo "2174"]
[Annotator "ChessBase"]
[PlyCount "83"]
[EventDate "2020.08.08"]
[EventCountry "CZE"]
[SourceTitle "playchess.com"]
[Source "ChessBase"]
[SourceQuality "1"]
[TimeControl "40/5400+30:1800+30"]

1. e4 e5 2. Nf3 Nc6 3. Bb5 Nf6 4. d3 d6 5. c4 g6 6. Nc3 Bg7 7. O-O O-O 8. Nd5 Nxd5 9. cxd5 Ne7 10. Be3 f5 11. a4 f4 12. Bd2 Bg4 13. h3 Bh5 14. g4 fxg3 15. fxg3 Bxf3 16. Rxf3 Rxf3 17. Qxf3 c6 18. dxc6 bxc6 19. Bc4+ d5 20. exd5 cxd5 21. Ba2 Qb6+ 22. Be3 Qxb2 23. Bxd5+ Kh8 24. Rf1 Rd8 25. Bc4 Qb4 26. Bg5 h6 27. Bf6 Qb6+ 28. Kg2 Bxf6 29. Qxf6+ Qxf6 30. Rxf6 Rd7 31. Re6 Kg7 32. Rxe5 Nf5 33. a5 Nd4 34. a6 Kf6 35. Re8 Re7 36. Rf8+ Kg5 37. h4+ Kh5 38. Kh3 Re3 39. Re8 Rf3 40. Bd5 Rxd3 41. Re5+ Nf5 42. Rxf5+ 1-0

[Event "Summer Prague Open A 2020"]
[Site "Prague"]
[Date "2020.08.12"]
[Round "6.2"]
[White "Plat, Vojtech"]
[Black "Miedema, David"]
[Result "1-0"]
[ECO "C00"]
[WhiteElo "2562"]
[BlackElo "2382"]
[Annotator "ChessBase"]
[PlyCount "83"]
[EventDate "2020.08.08"]
[EventCountry "CZE"]
[SourceTitle "playchess.com"]
[Source "ChessBase"]
[SourceQuality "1"]
[TimeControl "40/5400+30:1800+30"]

1. e4 e6 2. Qe2 Be7 3. g3 d5 4. Nc3 Nf6 5. Bg2 d4 6. Nd1 c5 7. d3 e5 8. f4 exf4 9. gxf4 Nc6 10. Nf3 Qc7 11. c4 Nh5 12. e5 O-O 13. Nf2 f6 14. Nh4 g6 15. Rg1 fxe5 16. Bd5+ Kh8 17. Nxg6+ hxg6 18. Rxg6 Nf6 19. Bxc6 bxc6 20. fxe5 Nh7 21. Bh6 Rf7 22. e6 Bxe6 23. Rxe6 Qxh2 24. Rxe7 Rxe7 25. Qxe7 Qxh6 26. Qe5+ Nf6 27. Ke2 Re8 28. Qxe8+ Nxe8 29. Rh1 Qxh1 30. Nxh1 Nf6 31. Ng3 Kg7 32. b4 Nd7 33. bxc5 Kf6 34. Kf3 Ke5 35. Ne4 a6 36. a3 Kf5 37. Nd6+ Ke6 38. Nb7 Ke5 39. Ke2 Ke6 40. Nd8+ Kf6 41. Nxc6 Nxc5 42. Nxd4 1-0

[Event "Summer Prague Open A 2020"]
[Site "Prague"]
[Date "2020.08.12"]
[Round "6.3"]
[White "Cernousek, Lukas"]
[Black "Svanda, Ondrej"]
[Result "1/2-1/2"]
[ECO "D78"]
[WhiteElo "2458"]
[BlackElo "2238"]
[Annotator "ChessBase"]
[PlyCount "35"]
[EventDate "2020.08.08"]
[EventCountry "CZE"]
[SourceTitle "playchess.com"]
[Source "ChessBase"]
[SourceQuality "1"]
[TimeControl "40/5400+30:1800+30"]

1. d4 Nf6 2. c4 g6 3. g3 c6 4. Bg2 d5 5. Nf3 Bg7 6. O-O O-O 7. b3 dxc4 8. bxc4 c5 9. Bb2 Qb6 10. Qc1 cxd4 11. Nxd4 Nc6 12. Nxc6 bxc6 13. Nd2 Be6 14. Rb1 Qa6 15. Be5 Rfd8 16. Qc3 Bh6 17. Bf4 Bxf4 18. gxf4 1/2-1/2

[Event "Summer Prague Open A 2020"]
[Site "Prague"]
[Date "2020.08.12"]
[Round "6.4"]
[White "Roseneck, Jonas"]
[Black "Slampa, Jan"]
[Result "1/2-1/2"]
[ECO "B48"]
[WhiteElo "2416"]
[BlackElo "2264"]
[Annotator "ChessBase"]
[PlyCount "127"]
[EventDate "2020.08.08"]
[EventCountry "CZE"]
[SourceTitle "playchess.com"]
[Source "ChessBase"]
[SourceQuality "1"]
[TimeControl "40/5400+30:1800+30"]

1. e4 c5 2. Nf3 e6 3. d4 cxd4 4. Nxd4 Nc6 5. Nc3 Qc7 6. Be3 Nf6 7. Qf3 a6 8. O-O-O d6 9. Nxc6 bxc6 10. g4 d5 11. g5 Nd7 12. exd5 cxd5 13. Bd4 Bb7 14. h4 Rc8 15. Bh3 Nc5 16. Qe2 Ne4 17. Nxe4 dxe4 18. Bg2 h6 19. Rhe1 hxg5 20. hxg5 Rh4 21. Kb1 Qf4 22. Be3 Qe5 23. Qd2 Bd5 24. Bf1 Rb8 25. c4 Bc6 26. Ba7 Ra8 27. Bd4 Qf5 28. Be3 Be7 29. Be2 Bxg5 30. Qd6 Rc8 31. Bxg5 Qxg5 32. c5 Qe7 33. Qe5 Bd5 34. Bxa6 Rxc5 35. Qxg7 Rf4 36. Qh8+ Kd7 37. Qd4 Qd6 38. Bf1 Ke7 39. Qe3 Rf3 40. Qg5+ Kd7 41. Qd2 Ke7 42. Ka1 Qc7 43. Rc1 Qa7 44. b3 Rxf2 45. Be2 Qa3 46. Rxc5 Qxc5 47. Rc1 Qd6 48. Qg5+ Rf6 49. Rf1 e5 50. Rf5 Bc6 51. Kb1 Bd7 52. Rxe5+ Kf8 53. Rd5 Qe7 54. Qh5 Kg7 55. Qg5+ Kf8 56. Bc4 Rg6 57. Qh5 Rg1+ 58. Kc2 Rg2+ 59. Rd2 Rxd2+ 60. Kxd2 Qf6 61. Ke3 Bc6 62. a4 Qc3+ 63. Ke2 Qc2+ 64. Ke3 1/2-1/2

[Event "Summer Prague Open A 2020"]
[Site "Prague"]
[Date "2020.08.12"]
[Round "6.5"]
[White "Neuman, Petr"]
[Black "Michalczak, Thomas"]
[Result "1-0"]
[ECO "D35"]
[WhiteElo "2376"]
[BlackElo "2245"]
[Annotator "ChessBase"]
[PlyCount "67"]
[EventDate "2020.08.08"]
[EventCountry "CZE"]
[SourceTitle "playchess.com"]
[Source "ChessBase"]
[SourceQuality "1"]
[TimeControl "40/5400+30:1800+30"]

1. c4 e6 2. Nc3 d5 3. d4 Nf6 4. cxd5 exd5 5. Bg5 Nbd7 6. e3 c6 7. Bd3 Be7 8. Nge2 Nh5 9. Bxe7 Qxe7 10. g4 Nhf6 11. Ng3 g6 12. g5 Ng8 13. h4 h6 14. h5 Qxg5 15. hxg6 fxg6 16. Qc2 Nf8 17. O-O-O Ne7 18. Kb1 Bd7 19. b4 Qf6 20. e4 Qxd4 21. exd5 Qxb4+ 22. Ka1 O-O-O 23. Rb1 Qd4 24. Nge2 Qf6 25. Ba6 cxd5 26. Bxb7+ Kc7 27. Qb2 d4 28. Rhc1 dxc3 29. Rxc3+ Kd6 30. Rd3+ Ke6 31. Rd6+ Kxd6 32. Qxf6+ Ne6 33. Rd1+ Kc7 34. Qxe7 1-0

[Event "Summer Prague Open A 2020"]
[Site "Prague"]
[Date "2020.08.12"]
[Round "6.6"]
[White "Kasioumis, Vasilios"]
[Black "Vokac, Marek"]
[Result "1-0"]
[ECO "B32"]
[WhiteElo "2277"]
[BlackElo "2362"]
[Annotator "ChessBase"]
[PlyCount "103"]
[EventDate "2020.08.08"]
[EventCountry "CZE"]
[SourceTitle "playchess.com"]
[Source "ChessBase"]
[SourceQuality "1"]
[TimeControl "40/5400+30:1800+30"]

1. e4 c5 2. Nf3 Nc6 3. d4 cxd4 4. Nxd4 Qb6 5. Nb3 Nf6 6. Nc3 e6 7. Bd3 Be7 8. Be3 Qc7 9. f4 d6 10. Qf3 a6 11. g4 Nd7 12. O-O-O b5 13. Kb1 Bb7 14. g5 Nb4 15. Rhf1 Rc8 16. a3 Nxd3 17. cxd3 O-O 18. Nd4 g6 19. Qh3 e5 20. Nde2 exf4 21. Nxf4 Qd8 22. Ncd5 Nc5 23. Nf6+ Bxf6 24. gxf6 Kh8 25. Bd4 Nb3 26. Qh6 Rg8 27. Bc3 Qf8 28. Qg7+ Rxg7 29. fxg7+ Qxg7 30. Bxg7+ Kxg7 31. Ka2 Nd4 32. Rc1 Bc6 33. b4 Re8 34. Kb2 g5 35. Kc3 Ne6 36. Nxe6+ Rxe6 37. Kd4 Be8 38. Rc7 h5 39. Ra7 Rg6 40. Rxa6 Bd7 41. Ke3 g4 42. d4 h4 43. Ra7 Be8 44. Rg1 Kf6 45. Kf4 g3 46. hxg3 h3 47. g4 Kg7 48. g5 Kf8 49. Rh1 f6 50. Rxh3 fxg5+ 51. Kf5 Rg8 52. Rh6 1-0

[Event "Summer Prague Open A 2020"]
[Site "Prague"]
[Date "2020.08.12"]
[Round "6.7"]
[White "Hrabusa, Matej"]
[Black "Haack, Kevin"]
[Result "1-0"]
[ECO "A05"]
[WhiteElo "2350"]
[BlackElo "2180"]
[Annotator "ChessBase"]
[PlyCount "51"]
[EventDate "2020.08.08"]
[EventCountry "CZE"]
[SourceTitle "playchess.com"]
[Source "ChessBase"]
[SourceQuality "1"]
[TimeControl "40/5400+30:1800+30"]

1. Nf3 Nf6 2. g3 e6 3. Bg2 Be7 4. O-O O-O 5. Re1 d5 6. d3 c5 7. Nbd2 Nc6 8. e4 Qc7 9. e5 Nd7 10. Qe2 b5 11. Nf1 a5 12. h4 Ba6 13. Bf4 a4 14. Ne3 a3 15. b3 d4 16. Ng4 c4 17. Nf6+ Kh8 18. Ng5 gxf6 19. exf6 Bd6 20. Qh5 Nxf6 21. Qh6 Bxf4 22. Qxf6+ Kg8 23. gxf4 Bb7 24. Be4 Rfe8 25. Bxh7+ Kf8 26. Rxe6 1-0

[Event "Summer Prague Open A 2020"]
[Site "Prague"]
[Date "2020.08.12"]
[Round "6.8"]
[White "Post, Hugo"]
[Black "Buchenau, Frank"]
[Result "0-1"]
[ECO "C04"]
[WhiteElo "2203"]
[BlackElo "2278"]
[Annotator "ChessBase"]
[PlyCount "104"]
[EventDate "2020.08.08"]
[EventCountry "CZE"]
[SourceTitle "playchess.com"]
[Source "ChessBase"]
[SourceQuality "1"]
[TimeControl "40/5400+30:1800+30"]

1. e4 e6 2. d4 d5 3. Nd2 Nc6 4. Ngf3 Nf6 5. e5 Nd7 6. Nb3 a5 7. a4 Be7 8. c3 b6 9. h4 Ba6 10. Bxa6 Rxa6 11. h5 h6 12. Rh3 Ra8 13. Rg3 Bf8 14. Qd3 Qc8 15. Qe3 Qa6 16. Nh4 b5 17. axb5 Qxb5 18. Nd2 Nb6 19. f4 Ne7 20. Qf2 Nf5 21. Nxf5 exf5 22. Nf3 Qd7 23. Qc2 Nc8 24. Nh4 Ne7 25. b3 Qe6 26. b4 g5 27. hxg6 fxg6 28. Rxa5 Rxa5 29. bxa5 Kf7 30. Ba3 Rg8 31. Qd3 Nc6 32. Bxf8 Kxf8 33. a6 Kf7 34. Qb5 Ne7 35. a7 Qb6 36. Qa4 Ra8 37. Re3 Rxa7 38. e6+ Kf8 39. Qd7 c5 40. Nxg6+ Nxg6 41. Qxd5 Qb1+ 42. Kf2 Qa2+ 43. Qxa2 Rxa2+ 44. Kf3 cxd4 45. cxd4 Rd2 46. g4 Rxd4 47. Kg3 Rxf4 48. e7+ Ke8 49. gxf5 Rxf5 50. Re6 Rg5+ 51. Kh2 h5 52. Kh3 Nf4+ 0-1

[Event "Summer Prague Open A 2020"]
[Site "Prague"]
[Date "2020.08.12"]
[Round "6.9"]
[White "Wedda, Dries"]
[Black "Pozdnjakov, Viatcheslav"]
[Result "1/2-1/2"]
[ECO "A58"]
[WhiteElo "2172"]
[BlackElo "2300"]
[Annotator "ChessBase"]
[PlyCount "166"]
[EventDate "2020.08.08"]
[EventCountry "CZE"]
[SourceTitle "playchess.com"]
[Source "ChessBase"]
[SourceQuality "1"]
[TimeControl "40/5400+30:1800+30"]

1. d4 Nf6 2. c4 c5 3. d5 b5 4. cxb5 a6 5. bxa6 g6 6. Nc3 Qa5 7. Bd2 Bxa6 8. Ne4 Qb6 9. Nxf6+ exf6 10. Bc3 Bg7 11. e3 Bxf1 12. Kxf1 Na6 13. g3 Nc7 14. b3 O-O 15. Kg2 Rfe8 16. Qf3 Nb5 17. Bb2 Na3 18. Rc1 Nb5 19. a4 Nc7 20. Nh3 d6 21. Bxf6 Qxb3 22. Rhd1 Qxa4 23. Ng5 h6 24. Bxg7 hxg5 25. Bc3 Qe4 26. Rb1 g4 27. Qxe4 Rxe4 28. Rb7 Ne8 29. h3 Rc4 30. Bb2 gxh3+ 31. Kxh3 Ra2 32. Rd3 Rc2 33. Rdb3 Rxf2 34. Bc3 Nf6 35. Rb2 Raxb2 36. Bxb2 Kg7 37. Ba1 g5 38. g4 Kg6 39. Rb6 Ne4 40. Be5 Rf3+ 41. Kg2 Rxe3 42. Bxd6 Nxd6 43. Rxd6+ Kg7 44. Rc6 Re4 45. Kf3 Rf4+ 46. Kg3 c4 47. d6 Kf6 48. d7+ Ke7 49. Rd6 Kd8 50. Rd5 f6 51. Rd6 Rf1 52. Kg2 Re1 53. Rxf6 Kxd7 54. Kf2 Re5 55. Ra6 c3 56. Ra1 c2 57. Rc1 Rc5 58. Ke3 Ke6 59. Kd4 Kd6 60. Ke4 Rc4+ 61. Kf5 Rc5+ 62. Ke4 Ke6 63. Kd4 Rd5+ 64. Ke3 Rc5 65. Kd4 Rc8 66. Re1+ Kd6 67. Rc1 Rc7 68. Ke4 Rc5 69. Kd4 Kc6 70. Ke4 Kd7 71. Kd4 Rc8 72. Kd5 Ke7 73. Re1+ Kf6 74. Rf1+ Kg6 75. Rc1 Rc3 76. Kd4 Rg3 77. Rxc2 Rxg4+ 78. Ke3 Rf4 79. Rf2 Ra4 80. Kf3 Kh5 81. Kg2 Kg4 82. Rb2 Kh4 83. Rc2 Rb4 1/2-1/2

[Event "Summer Prague Open A 2020"]
[Site "Prague"]
[Date "2020.08.12"]
[Round "6.10"]
[White "Babula, Milan"]
[Black "Mladek, Richard"]
[Result "0-1"]
[ECO "C90"]
[WhiteElo "2160"]
[BlackElo "2280"]
[Annotator "ChessBase"]
[PlyCount "86"]
[EventDate "2020.08.08"]
[EventCountry "CZE"]
[SourceTitle "playchess.com"]
[Source "ChessBase"]
[SourceQuality "1"]
[TimeControl "40/5400+30:1800+30"]

1. e4 e5 2. Nf3 Nc6 3. Bb5 a6 4. Ba4 Nf6 5. O-O Be7 6. d3 b5 7. Bb3 O-O 8. Re1 d6 9. c3 Na5 10. Bc2 c5 11. Nbd2 Qc7 12. Nf1 Re8 13. Ne3 Bf8 14. h3 Bb7 15. b4 Nc6 16. bxc5 dxc5 17. Nh2 Rad8 18. Bd2 Ne7 19. Nhg4 Nxg4 20. hxg4 Nc8 21. Qe2 Nd6 22. f3 Rd7 23. c4 Be7 24. Nd5 Bxd5 25. cxd5 c4 26. Rec1 c3 27. Bb3 b4 28. Be3 Nb5 29. Ba4 Qa5 30. Qd1 Rc8 31. Bxb5 Qxb5 32. Rc2 a5 33. d4 exd4 34. Bxd4 a4 35. Rb1 Rdc7 36. Qf1 Qb7 37. Qd3 Rc4 38. Kf1 Rxd4 39. Qxd4 Qb5+ 40. Re2 c2 41. Rc1 b3 42. axb3 axb3 43. Qb2 Bg5 0-1